 Dungeon Crawl Stone Soup version 0.21.1-1-g345015f (webtiles) character file.

1540 Ekaitz the Chiller (level 8, -3/60 HPs)
             Began as a Barachi Ice Elementalist on July 6, 2018.
             Was an Initiate of Sif Muna.
             Slain by a killer bee zombie (7 damage)
             ... on level 7 of the Dungeon.
             The game lasted 00:21:57 (6641 turns).

Ekaitz the Chiller (Barachi Ice Elementalist)       Turns: 6641, Time: 00:21:58

Health: -3/60      AC:  4    Str: 10    XL:     8   Next: 86%
Magic:  1/17       EV: 13    Int: 17    God:    Sif Muna [......]
Gold:   315        SH:  0    Dex: 13    Spells: 5/19 levels left

rFire    . . .     SeeInvis .   m - +0 short sword
rCold    + . .     Gourm    .   (no shield)
rNeg     . . .     Faith    .   a - +0 robe
rPois    .         Spirit   .   r - +0 helmet
rElec    .         Reflect  .   (no cloak)
rCorr    .         Harm     .   q - +0 pair of gloves
MR       .....                  (no boots)
Stlth    ++........             (no amulet)
HPRegen  0.20/turn              p - ring of protection from cold
MPRegen  0.15/turn              z - ring of wizardry

@: slow
A: +LOS, swims, slowness 1, strong legs 1
a: Hop, Renounce Religion


You were on level 7 of the Dungeon.
You worshipped Sif Muna.
Sif Muna was noncommittal.
You were not hungry.

You visited 2 branches of the dungeon, and saw 8 of its levels.

You collected 315 gold pieces.

Inventory:

Hand Weapons
 m - a +0 short sword (weapon)
 s - a cursed -3 dagger
 E - a +2 flail of venom
Armour
 a - a +0 robe (worn)
 q - a +0 pair of gloves (worn)
 r - a +0 helmet (worn)
 A - a +0 ring mail
 B - a +0 shield
Jewellery
 p - a ring of protection from cold (left hand)
 y - an uncursed ring of flight
 z - a ring of wizardry (right hand)
Wands
 b - a wand of scattershot (4)
Scrolls
 e - 5 scrolls of identify {unknown}
 f - 3 scrolls of remove curse {unknown}
 g - a scroll of immolation {unknown}
 i - a scroll of amnesia {unknown}
 l - 2 scrolls of magic mapping {unknown}
 n - 3 scrolls of teleportation {unknown}
 o - 3 scrolls of enchant armour {unknown}
 t - a scroll of summoning {unknown}
 u - a scroll of blinking {unknown}
 w - a scroll of holy word {unknown}
Potions
 d - a potion of lignification {unknown}
 h - a potion of haste {unknown}
 j - 3 potions of curing {unknown}
 k - a potion of berserk rage
 v - a potion of degeneration {unknown}
 x - a potion of cancellation {unknown}
 C - a potion of heal wounds {unknown}
Comestibles
 c - 7 rations
 D - a chunk of flesh


   Skills:
 + Level 3.9 Fighting
 + Level 1.6 Short Blades
 + Level 3.4 Dodging
 + Level 2.6 Stealth
 + Level 6.0 Spellcasting
 + Level 3.3 Conjurations
 * Level 2.5 Charms
 * Level 3.2 Summonings
 + Level 7.2 Ice Magic
 * Level 1.1 Invocations
 * Level 1.1 Evocations


You had 5 spell levels left.
You knew the following spells:

 Your Spells              Type           Power        Failure   Level  Hunger
a - Freeze                Ice            ####         1%          1    None
b - Throw Frost           Conj/Ice       ###...       1%          2    None
c - Ozocubu's Armour      Chrm/Ice       ###.....     1%          3    ##.....
d - Throw Icicle          Conj/Ice       ###.....     6%          4    ####...
e - Summon Ice Beast      Ice/Summ       ###.....     6%          4    ####...


Dungeon Overview and Level Annotations

Branches:
Dungeon (7/15)             Temple (1/1) D:5

Altars:
Ashenzari
Cheibriados
Dithmenos
Elyvilon
Fedhas
Gozag
Hepliaklqana
Kikubaaqudgha
Makhleb
Nemelex Xobeh
Okawaru
Qazlal
Ru
Sif Muna
Trog
Uskayaw
Vehumet
Wu Jian
Xom
Zin
The Shining One

Annotations:
D:6 trevorj's ghost, novice GrFi


Innate Abilities, Weirdness & Mutations

Shadows flee at your approach. (+LOS)
You can swim through water.
You cover ground slowly.
You can hop short distances.


Message History

The killer bee zombie hits you. The killer bee zombie hits you!
* * * LOW HITPOINT WARNING * * *
You barely miss the killer bee zombie.
The killer bee zombie is lightly damaged.
The killer bee zombie hits you.
* * * LOW HITPOINT WARNING * * *
The killer bee zombie closely misses you.
Casting: Freeze
Confirm with . or Enter, or press ? or * to list all spells.
A chill wind blows around you.
The killer bee zombie closely misses you. x2
The killer bee zombie hits you.
* * * LOW HITPOINT WARNING * * *
Casting: Summon Ice Beast
Confirm with . or Enter, or press ? or * to list all spells.
A chill wind blows around you. The killer bee zombie misses you.
Your ice beast hits the killer bee zombie.
Your ice beast freezes the killer bee zombie.
The killer bee zombie resists.
The killer bee zombie hits you!
You die...

######## #......#
#......# #......#.. .
#......+...##
#.YY...#.#.. #Z#
#....## #######@#
#..... #.......# #...#
# ###.########...# .#
#.# #....#...##.##.
##.###..รท.).........#
#.......#.#.#..#.##.#
#.......#.#....#..#.#..
#.......#.##...##.#.#.#
#.......#......##.#.#.#


You could see a killer bee zombie and 2 friendly ice beasts.

Vanquished Creatures
  Pikel (D:5)
  The ghost of FallenXxXSky the Cleaver, an amateur HOMo (D:4)
  An ice beast (D:5)
  A slave (D:5)
  2 ogres
  2 scorpions
  A crimson imp (D:5)
  2 orc priests
  A hound (D:5)
  2 orc wizards
  4 bullfrog skeletons
  An iguana (D:5)
  A worker ant (D:4)
  Robin (D:4)
  A gnoll (D:1)
  2 howler monkey skeletons
  12 adders
  An adder skeleton (D:4)
  A worm (D:3)
  2 leopard geckos
  5 orcs
  5 giant cockroaches
  12 goblins
  9 hobgoblins
  11 jackals
  8 quokkas
  6 bats
  3 frilled lizards
  5 kobolds
  A quokka skeleton (D:5)
  4 rats
109 creatures vanquished.

Vanquished Creatures (collateral kills)
  A bullfrog skeleton (D:6)
  A quokka (D:6)
2 creatures vanquished.

Vanquished Creatures (others)
  2 plants (D:3)
2 creatures vanquished.

Grand Total: 113 creatures vanquished

Notes
Turn   | Place    | Note
-------+----------+-------------------------------------------
     0 | D:1      | Ekaitz the Barachi Ice Elementalist began the quest for the Orb.
     0 | D:1      | Reached XP level 1. HP: 13/13 MP: 3/3
   373 | D:1      | Reached XP level 2. HP: 16/20 MP: 3/5
   377 | D:1      | Learned a level 2 spell: Throw Frost
   415 | D:1      | Reached skill level 4 in Ice Magic
   421 | D:1      | Reached skill level 1 in Fighting
   842 | D:1      | Reached XP level 3. HP: 25/26 MP: 1/6
   919 | D:1      | Learned a level 3 spell: Ozocubu's Armour
  1132 | D:2      | Noticed an ice beast
  1560 | D:2      | Reached XP level 4. HP: 26/33 MP: 0/7
  1877 | D:3      | Found a shimmering altar of Xom.
  3157 | D:4      | Noticed Robin
  3248 | D:4      | Reached skill level 5 in Ice Magic
  3248 | D:4      | Reached XP level 5. HP: 38/38 MP: 0/10
  3254 | D:4      | Learned a level 4 spell: Throw Icicle
  3625 | D:4      | Killed Robin
  3654 | D:4      | Reached XP level 6. HP: 41/46 MP: 1/11
  3765 | D:4      | Noticed FallenXxXSky's ghost (amateur HOMo)
  4381 | D:4      | Found a sparkling altar of Nemelex Xobeh.
  4381 | D:4      | Found an ornate altar of the Wu Jian Council.
  4468 | D:4      | Killed FallenXxXSky's ghost
  4468 | D:4      | Reached skill level 6 in Ice Magic
  4468 | D:4      | Reached XP level 7. HP: 8/52 MP: 4/13
  4664 | D:5      | Entered Level 5 of the Dungeon
  4935 | D:5      | Found a sparkling altar of Nemelex Xobeh.
  4975 | D:5      | Reached skill level 5 in Spellcasting
  5022 | D:5      | Learned a level 4 spell: Summon Ice Beast
  5189 | D:5      | Reached skill level 1 in Short Blades
  5475 | D:5      | Noticed Pikel
  5510 | D:5      | Killed Pikel
  5510 | D:5      | Reached XP level 8. HP: 31/60 MP: 0/16
  5541 | D:5      | Found a hide-covered altar of Uskayaw.
  5587 | D:5      | Found a staircase to the Ecumenical Temple.
  5597 | Temple   | Entered the Ecumenical Temple
  5768 | Temple   | Became a worshipper of Sif Muna the Loreminder
  5820 | D:5      | Found a stormy altar of Qazlal.
  5946 | D:5      | Found a white marble altar of Elyvilon.
  6059 | D:6      | Noticed trevorj's ghost (novice GrFi)
  6379 | D:7      | Reached skill level 7 in Ice Magic
  6405 | D:7      | Reached skill level 1 in Invocations
  6592 | D:7      | Reached skill level 1 in Evocations
  6641 | D:7      | Slain by a killer bee zombie

Skill      XL: |  1  2  3  4  5  6  7  8 |
---------------+-------------------------+-----
Ice Magic      | 4 5 6 7 |  7.2
Fighting       | 1 2 3 |  3.9
Stealth        | 2 |  2.6
Spellcasting   | 3 4 5 6 |  6.0
Conjurations   | 2 3 |  3.3
Short Blades   | 1 |  1.6
Dodging        | 3 |  3.4
Charms         | 2 |  2.5
Summonings     | 2 3 |  3.2
Invocations    | 1 |  1.1
Evocations     | 1 |  1.1

Action                   |  1- 3 |  4- 6 |  7- 9 || total
-------------------------+-------+-------+-------++-------
Melee: Unarmed           |    11 |    24 |       ||    35
       Short sword       |       |    18 |   128 ||   146
 Cast: Freeze            |    30 |    72 |    35 ||   137
       Throw Frost       |    22 |    50 |    10 ||    82
       Ozocubu's Armour  |       |       |     6 ||     6
       Summon Ice Beast  |       |       |     6 ||     6
       Throw Icicle      |       |       |     6 ||     6
 Abil: Hop               |     1 |       |     3 ||     4
  Use: Potion            |       |       |     1 ||     1
 Stab: Sleeping          |       |     1 |     2 ||     3
  Eat: Chunk             |     4 |    13 |     7 ||    24
       Ration            |       |       |     1 ||     1
Armor: Robe              |    10 |    12 |    52 ||    74
Dodge: Dodged            |    25 |    64 |   126 ||   215
